 Dungeon Crawl Stone Soup version 0.31-a0-889-g1a8549509d (webtiles) character file.

Game seed: 14312024270854844437

511 MachoJfn the Chopper (level 6, 0/47 HPs)
             Began as a Demonspawn Gladiator on Oct 16, 2023.
             Slain by Duvessa
             ... wielding a +0 short sword
              (10 damage)
             ... on level 4 of the Dungeon.
             The game lasted 00:08:18 (3227 turns).

MachoJfn the Chopper (Demonspawn Gladiator)         Turns: 3227, Time: 00:08:19

Health: 0/47       AC: 12    Str: 16    XL:     6   Next: 99%
Magic:  0/6        EV: 10    Int: 10    God:
Gold:   206        SH:  0    Dex: 14    Spells: 5/5 levels left

rFire   . . .        a - +1 war axe
rCold   . . .        (no shield)
rNeg    . . .        h - +0 scale mail
rPois   .            q - +2 hat
rElec   .            (no cloak)
rCorr   .            k - +0 pair of gloves
SInv    .            m - +0 pair of boots
Will    .....        c - amulet of guardian spirit Stlth
                     (no ring)
HPRegen 0.27/turn    (no ring)
MPRegen 0.10/turn

%: guardian spirit
@: hasted, very quick
A: ignite blood 1, sharp scales 2, hooves 1
a: no special abilities


You were on level 4 of the Dungeon.
You visited 1 branch of the dungeon, and saw 4 of its levels.

You collected 206 gold pieces.

Inventory:

Hand Weapons
 a - a +1 war axe (weapon)
Missiles
 d - 4 throwing nets
 e - a javelin (quivered)
 f - 6 boomerangs
 g - 26 stones
Armour
 h - a +0 scale mail (worn)
 k - a +0 pair of gloves (worn)
 m - a +0 pair of boots (worn)
 q - a +2 hat (worn)
Jewellery
 b - a +6 ring of intelligence
 c - an amulet of guardian spirit (around neck)
 l - a ring of wizardry
Scrolls
 n - a scroll of identify
 p - a scroll of noise {unknown}
Potions
 j - a potion of attraction
 o - 2 potions of heal wounds


   Skills:
 + Level 3.3 Fighting
 + Level 5.6 Axes
 - Level 1.7 Throwing
 + Level 2.3 Armour
 + Level 3.7 Dodging
 - Level 0.1 Stealth


You had 5 spell levels left.
You didn't know any spells.
Your spell library was empty.

Dungeon Overview and Level Annotations

Branches:
Dungeon (4/15)
 Temple: D:4-7

Altars:
Ashenzari
Fedhas
Ru
Xom

Annotations:
D:4 Duvessa


Innate Abilities, Weirdness & Mutations

Your demonic aura sometimes causes spilled blood to erupt in flames.
You are mostly covered in razor-sharp scales. (AC +2, Slay +2)
You have large cloven feet.


Message History

You hit Dowan but do no damage. Dowan hits you but does no damage.
Duvessa hits you with a +0 short sword. x2
Dowan casts a spell at you. The puff of frost hits you!
You hit Duvessa.
Duvessa is lightly wounded.
You miss Dowan.
Dowan points at you and mumbles some strange words.
The puff of frost hits you.
Duvessa says, "My weaknesses are his strengths!"
Duvessa hits you with a +0 short sword.
You hit Duvessa.
Duvessa is moderately wounded.
You miss Dowan. Duvessa hits you but does no damage.
Dowan hits you with a +0 dagger.
You hit Duvessa.
Duvessa is moderately wounded.
You closely miss Dowan.
Dowan points at you and mumbles some strange words.
The puff of frost hits you but does no damage.
Duvessa hits you with a +0 short sword.
You hit Duvessa.
Duvessa is heavily wounded.
You closely miss Dowan. Dowan hits you with a +0 dagger.
Duvessa hits you but does no damage.
You feel yourself speed up. Dowan hits you with a +0 dagger.
* * * LOW HITPOINT WARNING * * *
Duvessa completely misses you.
You hit Duvessa.
Duvessa is heavily wounded.
You slash Dowan!
You kill Dowan!
Duvessa weeps, and shakes her weapon.
Duvessa goes berserk!
Duvessa barely misses you.
You hit Duvessa.
Duvessa is heavily wounded.
Duvessa hits you with a +0 short sword.
* * * LOW HITPOINT WARNING * * *
Duvessa hits you with a +0 short sword!
You die...

### #.##### ##+# #..
......# ##...# #.#
#.#.#.# #.....# #.#
#.#.#.#
.......##.###.#.#.#
......).#.##....#.######
......e@'.........[.....
........#.......########
.....(.######.###
#.....# #..# ##...# #.##
##+# #.# #.# #.# #.#


You could see Duvessa (berserk).

Vanquished Creatures
  A black bear (D:4)
  A sky beast (D:4)
  An ogre (D:4)
  Dowan (D:4)
  4 gnolls (D:4)
  8 adders
  4 dart slugs
  6 orcs (D:4)
  3 bats
  5 endoplasms
  9 giant cockroaches
  8 goblins
  3 hobgoblins
  6 quokkas
  2 ball pythons (D:2)
  4 frilled lizards
  7 kobolds
  4 rats
77 creatures vanquished.

Notes
Turn   | Place    | Note
-------+----------+-------------------------------------------
     0 | D:1      | MachoJfn the Demonspawn Gladiator began the quest for the
                  | Orb.
     0 | D:1      | Reached XP level 1. HP: 16/16 MP: 1/1
    91 | D:1      | Gained mutation: You are partially covered in razor-sharp
                  | scales. (AC +1, Slay +1) [demonic ancestry]
    91 | D:1      | Reached XP level 2. HP: 11/22 MP: 2/2
    92 | D:1      | Reached skill level 3 in Axes
   434 | D:1      | Gained mutation: Your demonic aura sometimes causes spilled
                  | blood to erupt in flames. [demonic ancestry]
   434 | D:1      | Reached XP level 3. HP: 25/27 MP: 3/3
  1298 | D:2      | Reached XP level 4. HP: 28/34 MP: 4/4
  1357 | D:2      | Reached skill level 4 in Axes
  1726 | D:3      | Found a broken altar of Ashenzari.
  1846 | D:2      | Gained mutation: You have large cloven feet. [potion of
                  | mutation]
  2165 | D:3      | Reached skill level 1 in Armour
  2165 | D:3      | Reached XP level 5. HP: 39/39 MP: 3/5
  2177 | D:3      | Found a shimmering altar of Xom.
  2347 | D:3      | Found a sacrificial altar of Ru.
  2509 | D:4      | Noticed a sky beast
  2530 | D:4      | Killed a sky beast
  2627 | D:4      | Noticed an ogre
  2628 | D:4      | Found a blossoming altar of Fedhas.
  2651 | D:4      | Killed an ogre
  2652 | D:4      | Reached skill level 5 in Axes
  2652 | D:4      | Gained mutation: You are mostly covered in razor-sharp
                  | scales. (AC +2, Slay +2) [demonic ancestry]
  2652 | D:4      | Reached XP level 6. HP: 27/47 MP: 2/6
  3210 | D:4      | Noticed Dowan
  3211 | D:4      | Noticed Duvessa
  3226 | D:4      | Killed Dowan
  3227 | D:4      | Slain by Duvessa

Illustrated notes

Levels and vault maps discovered:
D:1:      dpeg_arrival_connections, layout_basic, minmay_misc_feat_secret_circle
D:2:      layout_basic
D:3:      layout_rooms, xom_teletrap_fun, mainiacjoe_overflow_paths,
          nicolae_ru_path_of_blood
D:4:      layout_loops_corners, fedhas_altar_fruit_tree,
          lemuel_mausoleum_altar_yredelemnul, nicolae_hepliaklqana_hazy_memory,
          uniq_duvessa

Skill      XL: |  1  2  3  4  5  6 |
---------------+-------------------+-----
Dodging        | 3 |  3.7
Axes           | 3 4 5 |  5.6
Armour         | 1 2 |  2.3
Fighting       | 3 |  3.3
Throwing       | |  1.7
Stealth        | |  0.1

Action                     |  1- 3 |  4- 6 || total
---------------------------+-------+-------++-------
  Melee: War axe           |    93 |   151 ||   244
         Kick              |       |     1 ||     1
  Throw: Javelin           |       |     1 ||     1
    Use: Scroll            |     2 |     4 ||     6
         Potion            |       |     7 ||     7
   Stab: Sleeping          |     1 |       ||     1
 Armour: Leather armour    |    61 |    25 ||    86
         Scale mail        |       |   114 ||   114
  Dodge: Dodged            |    75 |    93 ||   168

Table legend: (Time is in decaauts)
 A = Elapsed time spent in this place.
 B = Non-inter-level travel time spent in this place.
 C = Inter-level travel time spent in this place.
 D = Time resting spent in this place.
 E = Time spent auto-exploring this place.
 F = Levels seen in this place.
 G = Mean time per level.
                   A        B        C        D        E       F      G
               +--------+--------+--------+--------+--------+-----+--------+
         Total |   3300 |   2922 |    378 |    649 |   1423 |   4 |  825.0 |
       Dungeon |   3300 |   2922 |    378 |    649 |   1423 |   4 |  825.0 |
               +--------+--------+--------+--------+--------+-----+--------+

Top non-repeatable levels by time:
     D:2: 998 daAuts
     D:1: 860 daAuts
     D:4: 753 daAuts
     D:3: 688 daAuts
